 Dungeon Crawl Stone Soup version 0.23.2 (webtiles) character file.

Game seed: 6489802523280485692

16348 Illumine the Cleaver (level 12, -8/103 HPs)
             Began as a Minotaur Fighter on Oct 9, 2019.
             Was a High Priest of Makhleb.
             Mangled by a four-headed hydra (10 damage)
             ... on level 2 of the Lair of Beasts.
             The game lasted 00:13:13 (10005 turns).

Illumine the Cleaver (Minotaur Fighter)            Turns: 10005, Time: 00:13:14

Health: -8/103     AC: 18    Str: 26    XL:     12   Next: 9%
Magic:  0/18       EV: 10    Int:  8    God:    Makhleb [*****.]
Gold:   444        SH:  0    Dex: 10    Spells: 19/19 levels left

rFire    . . .     SeeInvis +   e - +2 scimitar (flame)
rCold    . . .     Gourm    .   (no shield)
rNeg     + . .     Faith    .   J - +0 plate armour
rPois    .         Spirit   +   h - +0 hat {Int+3}
rElec    .         Reflect  .   w - +1 cloak
rCorr    .         Harm     .   j - +0 pair of gloves
MR       .....                  (no boots)
Stlth    ..........             L - amulet of guardian spirit
HPRegen  0.27/turn              x - ring of positive energy
MPRegen  0.16/turn              d - ring of see invisible

@: lethally poisoned (-8 -> -22), hasted, studying Bows, very quick
A: retaliatory headbutt, horns 2
a: Minor Destruction, Lesser Servant of Makhleb, Major Destruction, Greater
Servant of Makhleb, Renounce Religion


You were on level 2 of the Lair of Beasts.
You worshipped Makhleb.
Makhleb was extremely pleased with you.
You were not hungry.

You visited 2 branches of the dungeon, and saw 13 of its levels.

You collected 444 gold pieces.

Inventory:

Hand Weapons
 e - a +2 scimitar of flaming (weapon)
 B - a +0 flail of crushing
 F - a +2 battleaxe of electrocution
Armour
 c - a +0 shield
 h - a +0 hat of intelligence (worn)
 j - a +0 pair of gloves (worn)
 w - a +1 cloak (worn)
 J - a +0 plate armour (worn)
Jewellery
 d - a ring of see invisible (right hand)
 m - an uncursed ring of flight
 v - an uncursed ring of protection from fire
 x - a ring of positive energy (left hand)
 G - an uncursed amulet of the gourmand {unknown}
 L - an amulet of guardian spirit (around neck)
Wands
 k - a wand of digging (9)
 q - a wand of enslavement (5)
 t - a wand of random effects (12)
 u - a wand of paralysis (8)
 C - a wand of polymorph (6)
 D - a wand of scattershot (13)
 E - a wand of flame (26)
Scrolls
 b - 2 scrolls of fear
 g - 6 scrolls of remove curse
 i - 5 scrolls of teleportation
 l - a scroll of fog {unknown}
 y - a scroll of immolation
 H - 2 scrolls of identify
 I - 3 scrolls of amnesia
 K - 2 scrolls of acquirement {unknown}
Potions
 n - 2 potions of mutation
 o - 6 potions of curing
 p - 2 potions of resistance
 r - 3 potions of magic
 z - 2 potions of agility
 A - 3 potions of invisibility {unknown}
 M - a potion of lignification {unknown}
Books
 a - a manual of Bows
Comestibles
 f - 16 rations


   Skills:
 + Level 8.7 Fighting
 + Level 11.9 Axes
 * Level 9.3 Armour
 + Level 6.9 Dodging
 - Level 7.3 Shields
 + Level 4.2 Spellcasting
 * Level 9.8 Invocations


You had 19 spell levels left.
You didn't know any spells.
Your spell library contained the following spells:

 Spells                   Type           Power        Failure   Level  Hunger
 Corona                   Hex            #......      96%         1    #......
 Magic Dart               Conj           #...         96%         1    #......
 Sting                    Conj/Pois      #...         96%         1    #......
 Blink                    Tloc           N/A          99%         2    ###....
 Call Imp                 Summ           #.......     99%         2    ###....
 Ensorcelled Hibernation  Hex/Ice        #.....       99%         2    ###....
 Poisonous Vapours        Pois/Air       #.....       99%         2    ###....
 Slow                     Hex            #.......     99%         2    ###....
 Confuse                  Hex            #.......     100%        3    ###....
 Conjure Flame            Conj/Fire      #.......     100%        3    ###....
 Dazzling Spray           Conj/Hex       #.....       100%        3    ###....
 Mephitic Cloud           Conj/Pois/Air  #.......     100%        3    ###....
 Tukima's Dance           Hex            #.......     100%        3    ###....
 Olgreb's Toxic Radiance  Pois           #.......     100%        4    #####..
 Venom Bolt               Conj/Pois      #.........   100%        5    ######.


Dungeon Overview and Level Annotations

Branches:
Dungeon (11/15)            Temple (0/1) D:7            Lair (2/6) D:11
    Orc (0/2) D:9
  Swamp: Lair:2-4    Shoals: Lair:2-4     Snake: Lair:2-4    Spider: Lair:2-4

Altars:
Cheibriados
Elyvilon
Fedhas
Gozag
Hepliaklqana
Makhleb
Qazlal
Ru
Sif Muna
Uskayaw
Vehumet
Xom
Yredelemnul
The Shining One

Shops:
D:6 (

Portals:
Ice
Cave: Lair:1

Annotations:
D:10 2 runed translucent doors


Innate Abilities, Weirdness & Mutations

You reflexively headbutt those who attack you in melee.
You have a pair of horns on your head.


Message History

Your headbutt misses the black mamba.
The black mamba is severely wounded.
You feel better. The black mamba bites you.
* * * LOW HITPOINT WARNING * * *
You are poisoned.
The black mamba poisons you! The four-headed hydra bites you!
* * * LOW HITPOINT WARNING * * *
The four-headed hydra barely misses you.
The four-headed hydra bites you. The four-headed hydra bites you!
* * * LOW HITPOINT WARNING * * *
The black mamba closely misses you. You furiously retaliate!
You headbutt the black mamba!
Okay, then.
You feel yourself speed up.
* * * LOW HITPOINT WARNING * * *
You feel sick. The four-headed hydra bites you!
* * * LOW HITPOINT WARNING * * *
The four-headed hydra bites you but does no damage.
The four-headed hydra bites you!
You die...

.## ... ....
.....
.....#######
b..........##
............####
......D@.......#
......S........#
.....P#####....##
...... ##.....#
..... .##.....###
..P..
..........## ....
.......>...# ....
...........##
...........#


You could see a four-headed hydra and a black mamba.

Vanquished Creatures
  Gastronok (D:8)
  A hydra (D:8)
  Erica (D:8)
  4 two-headed ogres
  A molten gargoyle (Lair:2)
  3 spiny frogs (Lair:1)
  2 komodo dragons (Lair:1)
  3 blink frogs (Lair:2)
  Prince Ribbit (D:9)
  6 hippogriffs
  2 dream sheep (D:8)
  2 yaks (D:8)
  3 wyverns
  4 steam dragons
  A hungry ghost (D:8)
  A water moccasin (Lair:2)
  A porcupine (Lair:2)
  5 sky beasts
  An orc warrior (D:10)
  A necrophage (D:7)
  5 ice beasts
  4 phantoms
  8 ogres
  4 wolves (D:11)
  3 centaurs
  3 big kobolds (D:8)
  6 bullfrogs
  2 wyvern skeletons
  3 scorpions
  6 killer bees
  9 wights
  3 electric eels (D:11)
  2 crimson imps
  2 howler monkeys
  2 centaur zombies
  2 bullfrog zombies
  5 hounds
  2 orc priests
  4 jellies
  2 bullfrog skeletons
  Ijyb (D:3)
  An iguana (D:5)
  4 orc wizards
  6 worker ants
  A hound zombie (D:6)
  3 hound skeletons (D:6)
  2 worker ant zombies
  A howler monkey skeleton (D:6)
  7 adders
  4 gnolls (D:6)
  2 shadow imps
  13 white imps
  2 oozes
  An adder skeleton (D:4)
  An adder zombie (D:6)
  2 worms
  A dart slug (D:2)
  8 leopard geckos
  30 orcs
  3 bats
  10 giant cockroaches
  5 goblins
  6 hobgoblins
  9 jackals
  6 quokkas
  A ball python (D:1)
  7 frilled lizards
  A giant cockroach zombie (D:6)
  A jackal zombie (D:6)
  9 kobolds
  A leopard gecko skeleton (D:5)
  A leopard gecko zombie (D:8)
  2 quokka skeletons
  6 rats
279 creatures vanquished.

Vanquished Creatures (others)
  A jackal (D:11)
  4 plants (D:9)
5 creatures vanquished.

Grand Total: 284 creatures vanquished

Notes
Turn   | Place    | Note
-------+----------+-------------------------------------------
     0 | D:1      | Illumine the Minotaur Fighter began the quest for the Orb.
     0 | D:1      | Reached XP level 1. HP: 19/19 MP: 0/0
     4 | D:1      | Found a snail-covered altar of Cheibriados.
    66 | D:1      | Reached skill level 3 in Axes
   100 | D:1      | Reached XP level 2. HP: 21/26 MP: 1/1
   449 | D:2      | Reached XP level 3. HP: 28/31 MP: 2/2
   515 | D:2      | Reached skill level 4 in Axes
   904 | D:2      | Found a shimmering altar of Xom.
  1149 | D:3      | Reached XP level 4. HP: 21/39 MP: 3/3
  1194 | D:3      | Noticed Ijyb
  1204 | D:3      | Killed Ijyb
  1343 | D:3      | Found a stormy altar of Qazlal.
  1347 | D:3      | Found a radiant altar of Vehumet.
  1349 | D:3      | Found a white marble altar of Elyvilon.
  1350 | D:3      | Found a hide-covered altar of Uskayaw.
  1350 | D:3      | Found a burning altar of Makhleb.
  1350 | D:3      | Found a glowing golden altar of the Shining One.
  1358 | D:3      | Became a worshipper of Makhleb the Destroyer
  1448 | D:3      | Reached skill level 5 in Axes
  1627 | D:3      | Found a hazy altar of Hepliaklqana.
  1629 | D:3      | Found a basalt altar of Yredelemnul.
  1915 | D:4      | Noticed an ogre
  1920 | D:4      | Killed an ogre
  1920 | D:4      | Reached skill level 6 in Axes
  1920 | D:4      | Reached skill level 5 in Shields
  1920 | D:4      | Reached XP level 5. HP: 32/45 MP: 4/4
  2009 | D:4      | Reached XP level 6. HP: 41/51 MP: 5/5
  2122 | D:4      | Reached skill level 7 in Axes
  2156 | D:4      | Reached * piety under Makhleb
  2215 | D:4      | Found a sacrificial altar of Ru.
  2732 | D:5      | Entered Level 5 of the Dungeon
  2923 | D:5      | Reached skill level 1 in Invocations
  2977 | D:5      | Noticed a hippogriff
  2981 | D:5      | Killed a hippogriff
  2981 | D:5      | Reached skill level 8 in Axes
  2981 | D:5      | Reached XP level 7. HP: 46/57 MP: 5/7
  3022 | D:5      | Found a blossoming altar of Fedhas.
  3430 | D:6      | Reached skill level 9 in Axes
  3430 | D:6      | Reached XP level 8. HP: 49/64 MP: 9/9
  3649 | D:6      | Reached ** piety under Makhleb
  3745 | D:6      | Found Peghobum's Weapon Shoppe.
  4004 | D:6      | Reached skill level 1 in Dodging
  4204 | D:7      | Reached skill level 1 in Spellcasting
  4245 | D:6      | Reached XP level 9. HP: 12/72 MP: 11/11
  4608 | D:7      | Found an opulent altar of Gozag.
  4661 | D:7      | Found a staircase to the Ecumenical Temple.
  4669 | D:7      | Reached skill level 5 in Invocations
  4694 | D:7      | Reached skill level 5 in Armour
  4715 | D:7      | Reached skill level 5 in Fighting
  4736 | D:7      | Reached skill level 10 in Axes
  5104 | D:7      | Reached *** piety under Makhleb
  5437 | D:8      | Noticed Erica
  5444 | D:8      | Killed Erica
  5444 | D:8      | Reached XP level 10. HP: 72/83 MP: 13/13
  5775 | D:8      | Noticed Gastronok
  5792 | D:8      | Killed Gastronok
  6280 | D:8      | Reached skill level 5 in Dodging
  6646 | D:8      | Reached skill level 11 in Axes
  6692 | D:8      | Noticed a three-headed hydra
  6699 | D:8      | Killed a one-headed hydra
  6699 | D:8      | Reached XP level 11. HP: 92/92 MP: 16/16
  6777 | D:8      | Noticed a two-headed ogre
  6787 | D:8      | Killed a two-headed ogre
  7406 | D:9      | Found a staircase to the Orcish Mines.
  7691 | D:9      | Noticed Prince Ribbit
  7697 | D:9      | Reached **** piety under Makhleb
  7700 | D:9      | Killed Prince Ribbit
  7758 | D:9      | Noticed a two-headed ogre
  7765 | D:9      | Killed a two-headed ogre
  7929 | D:9      | Noticed a seven-headed hydra
  7971 | D:10     | Entered Level 10 of the Dungeon
  8439 | D:10     | Noticed a two-headed ogre
  8452 | D:10     | Killed a two-headed ogre
  8731 | D:10     | Noticed a two-headed ogre
  8745 | D:10     | Killed a two-headed ogre
  8959 | D:10     | Found a runed translucent door.
  8960 | D:10     | Found a runed translucent door.
  9120 | D:11     | Found a staircase to the Lair.
  9180 | Lair:1   | Entered Level 1 of the Lair of Beasts
  9236 | Lair:1   | Reached ***** piety under Makhleb
  9260 | Lair:1   | Found a frozen archway.
  9347 | Lair:1   | Found a deep blue altar of Sif Muna.
  9665 | Lair:2   | Reached XP level 12. HP: 89/103 MP: 16/18
  9994 | Lair:2   | Noticed a six-headed hydra
 10005 | Lair:2   | HP: 2/103 [four-headed hydra (7)]
 10005 | Lair:2   | Mangled by a four-headed hydra

Skill      XL: |  1  2  3  4  5  6  7  8  9 10 11 |
---------------+----------------------------------+-----
Axes           | 3 4 6 8 9 10 11 | 11.9
Shields        | 4 5 6 7 |  7.3
Invocations    | 1 2 4 6 8 9 |  9.8
Armour         | 4 6 7 9 |  9.3
Dodging        | 2 4 5 6 |  6.9
Fighting       | 4 6 7 8 |  8.7
Spellcasting   | 1 2 3 4 |  4.2

Action                   |  1- 3 |  4- 6 |  7- 9 | 10-12 || total
-------------------------+-------+-------+-------+-------++-------
Melee: War axe           |    90 |   133 |    72 |       ||   295
       Headbutt          |    15 |    25 |    32 |    61 ||   133
       Battleaxe         |       |       |   118 |   294 ||   412
       Scimitar          |       |       |       |    14 ||    14
  Use: Scroll            |       |     3 |     5 |     9 ||    17
       Potion            |       |       |     2 |     3 ||     5
  Eat: Chunk             |       |     6 |     2 |     5 ||    13
       Ration            |       |       |     2 |     4 ||     6
Armor: Scale mail        |    42 |       |       |       ||    42
       Chain mail        |    10 |    72 |   141 |    66 ||   289
       Plate armour      |       |       |       |   164 ||   164
Dodge: Dodged            |    33 |    36 |    98 |   213 ||   380
Block: Shield            |    48 |    59 |    44 |       ||   151
       Rpst.: Scimitar   |       |       |       |     6 ||     6
